 Dungeon Crawl Stone Soup version 0.27.1-3-gb3d3a73c9e (webtiles) character file.

Game seed: 16311879582436806410

5 belegose the Sneak (level 1, -1/19 HPs)
             Began as a Ghoul Delver on Oct 26, 2021.
             Slain by a hound (3 damage)
             ... on level 4 of the Dungeon.
             The game lasted 00:01:27 (371 turns).

belegose the Sneak (Ghoul Delver)                    Turns: 371, Time: 00:01:28

Health: -1/19      AC:  3    Str: 15    XL:     1   Next: 80%
Magic:  0/0        EV: 11    Int:  5    God:
Gold:   41         SH:  0    Dex: 10    Spells: 0/0 levels left

rFire    . . .     SeeInvis .   a - +0 mace
rCold    + . .     Faith    .   (no shield)
rNeg     + + +     Spirit   .   b - +0 leather armour
rPois    ∞         Reflect  .   (no helmet)
rElec    .         Harm     .   (no cloak)
rCorr    .         Rampage  .   (no gloves)
Will     .....                  (no boots)
Stlth    +++.......             (no amulet)
HPRegen  0.00/turn              (no ring)
MPRegen  0.07/turn              (no ring)

@: inhibited regen
A: claws 1, cold resistance 1, negative energy resistance 3, inhibited
regeneration, torment resistance 2
a: no special abilities


You were on level 4 of the Dungeon.
You visited 1 branch of the dungeon, and saw 2 of its levels.

You collected 41 gold pieces.

Inventory:

Hand Weapons
 a - a +0 mace (weapon)
Missiles
 i - 41 stones (quivered)
Armour
 b - a +0 leather armour (worn)
 j - a +0 ring mail
Wands
 g - a wand of digging (3)
 h - a wand of iceblast (8)
Scrolls
 c - a scroll of fog
 d - a scroll of magic mapping
 e - a scroll of fear
 k - a scroll of identify {unknown}
Potions
 f - a potion of haste


   Skills:
 + Level 3.3 Fighting
 + Level 1.9 Maces & Flails
 + Level 0.2 Armour
 - Level 1.7 Dodging
 + Level 5.5 Stealth
 + Level 0.2 Evocations


You couldn't memorise any spells.
You didn't know any spells.
Your spell library was empty.

Dungeon Overview and Level Annotations

Branches:
Dungeon (5/15)
 Temple: D:4-7

Altars:

Annotations:
D:5 Sigmund


Innate Abilities, Weirdness & Mutations

You thrive by killing the living.
You are immune to poison.
You have sharp fingernails.
Your flesh is cold resistant. (rC+)
You are immune to negative energy. (rN+++)
You do not regenerate when monsters are visible.
You are immune to unholy pain and torment.


Message History

You feel better.
k - a scroll labelled RYMMUSHROSYIT You see here a +0 club. 2 hounds come into view.
Throw: 43 stones
Press: ? - help, Q - select action, (/) - cycle Shift-Dir - straight line, f - hound
Aim: a hound (43% to hit)
You throw a stone.
The stone hits the hound but does no damage.
Unknown command.
Throw: 42 stones
Press: ? - help, Q - select action, (/) - cycle Shift-Dir - straight line, f/p - hound
Aim: a hound (43% to hit)
You throw a stone.
The stone hits the hound but does no damage.
The hound bites you.
Unknown command.
You closely miss the hound. The hound barely misses you.
The hound closely misses you.
You closely miss the hound. The hound bites you but does no damage.
The hound closely misses you.
You hit the hound.
The hound is moderately wounded.
The hound bites you. The hound barely misses you.
You closely miss the hound.
The hound is moderately wounded.
The hound closely misses you.
You closely miss the hound.
The hound is moderately wounded.
The hound bites you. x2
You miss the hound.
The hound is moderately wounded.
The hound bites you.
* * * LOW HITPOINT WARNING * * *
The hound bites you.
* * * LOW HITPOINT WARNING * * *
You hit the hound.
The hound is heavily wounded.
The hound bites you.
You die...

.h. ... .h # ..
#.## .### .... ...
##.
####..#####.#.....
.......@h(....#
#########.#####
#.# #.# #.# ##.##
#...# ###
#...#######. ..#
#...........


You could see a hound.

Vanquished Creatures
  An adder skeleton (D:4)
  A goblin (D:4)
  A ball python (D:4)
3 creatures vanquished.

Notes
Turn   | Place    | Note
-------+----------+-------------------------------------------
     0 | D:5      | belegose the Ghoul Delver began the quest for the Orb.
     0 | D:5      | Reached XP level 1. HP: 19/19 MP: 0/0
   113 | D:5      | Noticed Sigmund
   166 | D:5      | Noticed a steam dragon
   359 | D:4      | Noticed a hound
   359 | D:4      | Noticed a hound
   371 | D:4      | Slain by a hound

Illustrated notes

Levels and vault maps discovered:
D:4:      layout_loops_cross
D:5:      layout_basic, lemuel_coloured_pillars_altar, gammafunk_ghost_split,
          uniq_edmund, uniq_menkaure, uniq_sigmund

Action                   || total
-------------------------++-------
Melee: Mace              ||    14
Throw: Stone             ||     2
Armor: Leather armour    ||     2
Dodge: Dodged            ||     7
